 Dungeon Crawl Stone Soup version 0.22.0-38-g04b72b8 (webtiles) character file.

280 Lavandula the Chopper (level 6, -5/51 HPs)
             Began as a Centaur Berserker on Aug 28, 2018.
             Was a Believer of Trog.
             Slain by an orc priest
             ... wielding a +0 hand axe
              (6 damage)
             ... on level 5 of the Dungeon.
             The game lasted 00:03:23 (699 turns).

Lavandula the Chopper (Centaur Berserker)            Turns: 699, Time: 00:03:24

Health: -5/51      AC:  6    Str: 22    XL:     6   Next: 5%
Magic:  6/6        EV:  9    Int:  6    God:    Trog [**....]
Gold:   60         SH:  0    Dex:  8    Spells: 5/5 levels left

rFire    . . .     SeeInvis .   a - +0 hand axe
rCold    . . .     Gourm    .   (no shield)
rNeg     . . .     Faith    .   l - +0 ring mail
rPois    .         Spirit   .   m - +0 helmet
rElec    .         Reflect  .   (no cloak)
rCorr    .         Harm     .   (no gloves)
MR       .....                  (no barding)
Stlth    ..........             (no amulet)
HPRegen  0.17/turn              (no ring)
MPRegen  0.10/turn              (no ring)

@: berserk cooldown, slowed
A: large, hooves 3, deformed body, speed 2, tough skin 3
a: Berserk, Trog's Hand, Renounce Religion


You were on level 5 of the Dungeon.
You worshipped Trog.
Trog was pleased with you.
You were hungry.

You visited 1 branch of the dungeon, and saw 5 of its levels.

You collected 60 gold pieces.

Inventory:

Hand Weapons
 a - a +0 hand axe (weapon)
Missiles
 f - 7 tomahawks (quivered)
Armour
 b - a +0 animal skin
 l - a +0 ring mail (worn)
 m - a +0 helmet (worn)
Scrolls
 e - a scroll of immolation
 g - a scroll of noise
Potions
 d - a potion of cancellation {unknown}
 i - a potion of curing
Comestibles
 c - 4 rations


   Skills:
 + Level 3.0 Fighting
 - Level 6.2 Axes
 - Level 1.3 Armour
 - Level 1.3 Dodging


You had 5 spell levels left.
You didn't know any spells.
Your spell library was empty.

Dungeon Overview and Level Annotations

Branches:
Dungeon (4/15)
 Temple: D:4-7

Altars:

Shops:
D:4 :

Annotations:
D:4 tso


Innate Abilities, Weirdness & Mutations

You have hooves in place of feet.
Armour fits poorly on your strangely shaped body.
You cover ground very quickly.
You have extremely tough skin. (AC +3)


Message History

You closely miss the orc.
You are no longer berserk.
You are exhausted.
You feel yourself slow down.
An ogre comes into view. It is wielding a giant spiked club.
Okay, then.
It was a potion of curing.
You feel better. The howler monkey hits you.
* * * LOW HITPOINT WARNING * * *
An adder comes into view.
The orc barely misses you.
The orc priest hits you with a hand axe.
* * * LOW HITPOINT WARNING * * *
The giant cockroach bites you.
* * * LOW HITPOINT WARNING * * *
The howler monkey hits you.
* * * LOW HITPOINT WARNING * * *
The orc closely misses you.
The giant cockroach bites you but does no damage.
The orc priest hits you with a hand axe.
You die...

......#######.##..# #.....
......# ....##..##....#
......##..............# #
...............##...###.#
......#......#...S......#
.######......###........#o
. ......###.......... #
.......†).......h
....#.o@o.###..#.
......sh)## ..# .........#
.# #..####.!. ? ... ##.#.
## #.?.. #O .. .....


You could see an ogre, a howler monkey, an orc priest, an adder, an orc and a
giant cockroach.

Vanquished Creatures
  2 howler monkeys
  2 orc priests (D:5)
  A centaur skeleton (D:5)
  2 orc wizards
  An adder (D:3)
  3 worms
  2 dart slugs
  4 leopard geckos
  6 orcs
  A bat (D:1)
  3 goblins
  4 hobgoblins (D:3)
  3 jackals (D:2)
  A quokka (D:2)
  A frilled lizard (D:2)
  4 rats
40 creatures vanquished.

Notes
Turn   | Place    | Note
-------+----------+-------------------------------------------
     0 | D:1      | Lavandula the Centaur Berserker began the quest for the Orb.
     0 | D:1      | Reached XP level 1. HP: 19/19 MP: 1/1
    47 | D:1      | Reached skill level 3 in Axes
   233 | D:1      | Reached XP level 2. HP: 23/26 MP: 2/2
   430 | D:3      | Reached skill level 4 in Axes
   430 | D:3      | Reached XP level 3. HP: 31/31 MP: 3/3
   436 | D:3      | Reached ** piety under Trog
   441 | D:3      | Reached XP level 4. HP: 36/38 MP: 4/4
   529 | D:4      | Reached skill level 5 in Axes
   617 | D:4      | Found Bene's Book Shop.
   645 | D:4      | You fall through a shaft!
   645 | D:5      | Entered Level 5 of the Dungeon
   689 | D:5      | Reached XP level 5. HP: 41/45 MP: 5/5
   694 | D:5      | HP: 3/67 [orc wizard/dagger (3)]
   697 | D:5      | Reached skill level 6 in Axes
   697 | D:5      | Reached XP level 6. HP: 4/51 MP: 6/6
   699 | D:5      | HP: 1/51 [howler monkey (3)]
   699 | D:5      | Slain by an orc priest

Skill      XL: |  1  2  3  4  5 |
---------------+----------------+-----
Axes           | 3 4 5 6 |  6.2
Fighting       | |  3.0
Armour         | |  1.3
Dodging        | |  1.3

Action                   |  1- 3 |  4- 6 || total
-------------------------+-------+-------++-------
Melee: Hand axe          |    33 |    36 ||    69
       Kick              |    10 |    11 ||    21
Invok: Berserk           |     2 |     2 ||     4
  Use: Scroll            |       |     4 ||     4
       Potion            |       |     1 ||     1
  Eat: Chunk             |       |     2 ||     2
Armor: Animal skin       |     8 |       ||     8
       Ring mail         |     2 |    15 ||    17
Dodge: Dodged            |    17 |    24 ||    41
